 Dungeon Crawl Stone Soup version 0.19-a0-414-g76fec5b (webtiles) character file.

42345 tyrsky the Thaumaturge (level 14, -3/84 HPs)
             Began as a Gargoyle Earth Elementalist on May 31, 2016.
             Was a High Priest of Vehumet.
             Slain by a four-headed hydra (11 damage)
             ... on level 7 of the Lair of Beasts.
             The game lasted 01:16:23 (23184 turns).

tyrsky the Thaumaturge (GrEE)                      Turns: 23184, Time: 01:16:23

Health: -3/84      AC: 14    Str: 11    XL:     14   Next: 19%
Magic:  0/18       EV: 15    Int: 24    God:    Vehumet [*****.]
Gold:   1025       SH:  6    Dex: 12    Spells: 5 memorised, 19 levels left

rFire  + + +     SeeInvis .     O - +8 eveningstar of Severance {antimagic, rC+ Int+2}
rCold  + + +     Gourm    .     S - +2 robe {rC+}
rNeg   + . .     Faith    .     U - +1 buckler "Dol Qoeh" {MP+9 Dex+2}
rPois  ∞         Spirit   +     (helmet restricted)
rElec  +         Dismiss  .     (no cloak)
rCorr  .         Reflect  .     (no gloves)
SustAt .         Harm     .     (no boots)
MR     +....                    M - amulet of guardian spirit
Stlth  ++........               F - ring of magical power
                                e - ring of Megalomania {rF+++ MP+9}

@: about to teleport, flying, somewhat resistant to hostile enchantments,
unstealthy
A: antennae 1, big wings, cold resistance 1, negative energy resistance 1,
electricity resistance, unbreathing, petrification resistance, rot immunity, AC
+9
a: Stop Flying, Renounce Religion


You were on level 7 of the Lair of Beasts.
You worshipped Vehumet.
Vehumet was extremely pleased with you.
You were not hungry.

You visited 3 branches of the dungeon, and saw 19 of its levels.

You collected 1025 gold pieces.

Inventory:

Hand Weapons
 f - a +1 club
 O - the +8 eveningstar of Severance (weapon) {antimagic, rC+ Int+2}
   (You acquired it on level 7 of the Lair of Beasts)

   It reduces the magical energy of the wielder, and disrupts the spells and
   magical abilities of those hit.
   Natural abilities and divine invocations are not affected.
   It affects your intelligence (+2).
   It protects you from cold.
Missiles
 b - 353 stones (quivered)
Armour
 S - a +2 robe of cold resistance (worn)
 U - the +1 buckler "Dol Qoeh" (worn) {MP+9 Dex+2}
   (You found it on level 6 of the Lair of Beasts)

   It affects your dexterity (+2).
   It affects your magic capacity (+9).
Jewellery
 e - the ring of Megalomania (left hand) {rF+++ MP+9}
   (You found it on level 2 of the Lair of Beasts)

   [ring of magical power]

   It renders you almost immune to fire.
   It affects your magic capacity (+9).
 t - an uncursed ring of positive energy
 F - a ring of magical power (right hand)
 M - an amulet of guardian spirit (around neck)
 X - an uncursed ring of resist corrosion
Wands
 o - a wand of flame (30/48)
 G - a wand of polymorph (15/24)
 H - a wand of disintegration (4/24)
 K - a wand of polymorph (12/24)
 L - a wand of disintegration (10/24)
 V - a wand of lightning (7/15)
 Y - a wand of confusion (25/48)
Scrolls
 h - 11 scrolls of remove curse
 j - 3 scrolls of teleportation
 k - 3 scrolls of enchant armour
 x - a scroll of enchant weapon
 y - 4 scrolls of noise
 z - 2 scrolls of magic mapping
 B - 2 scrolls of recharging
 Q - a scroll of fear {unknown}
 R - a scroll of silence
 Z - a scroll of fog
Potions
 a - 4 potions of agility
 g - 4 potions of heal wounds
 i - a potion of ambrosia
 l - a potion of magic
 p - a potion of brilliance
 q - a potion of cure mutation
 r - 9 potions of curing
 u - a potion of invisibility {unknown}
 w - 4 potions of lignification
 A - 2 potions of haste
 C - 2 potions of flight
 D - a potion of resistance
 T - 3 potions of might
 W - a potion of berserk rage
Books
 c - a book of Geomancy

   Spells                             Type                      Level
   a - Sandblast                      Earth                        1
   b - Passwall                       Transmutation/Earth          2
   c - Stone Arrow                    Conjuration/Earth            3
   d - Petrify                        Transmutation/Earth          4
   e - Lee's Rapid Deconstruction     Earth                        5
 n - a book of Callings

   Spells                             Type                      Level
   a - Summon Small Mammal            Summoning                    1
   b - Call Imp                       Summoning                    2
   c - Call Canine Familiar           Summoning                    3
   d - Summon Guardian Golem          Hexes/Summoning              3
   e - Summon Lightning Spire         Summoning/Air                4
   f - Summon Ice Beast               Ice/Summoning                4
 J - a book of Unlife

   Spells                             Type                      Level
   a - Recall                         Summoning/Translocation      3
   b - Animate Dead                   Necromancy                   4
   c - Control Undead                 Necromancy                   4
   d - Cigotuvi's Embrace             Necromancy                   5
   e - Death Channel                  Necromancy                   6
   f - Simulacrum                     Ice/Necromancy               6
 N - a book of the Tempests

   Spells                             Type                      Level
   a - Static Discharge               Conjuration/Air              3
   b - Lightning Bolt                 Conjuration/Air              5
   c - Fireball                       Conjuration/Fire             5
   d - Tornado                        Air                          9
   e - Shatter                        Earth                        9
 P - a Fen Folio

   Spells                             Type                      Level
   a - Corpse Rot                     Necromancy                   2
   b - Stone Arrow                    Conjuration/Earth            3
   c - Leda's Liquefaction            Hexes/Earth                  4
   d - Summon Forest                  Summoning/Translocation      5
   e - Hydra Form                     Transmutation                6
   f - Summon Hydra                   Summoning                    7
Comestibles
 d - 15 bread rations
 m - 5 beef jerkies
 s - 10 meat rations
 v - 5 slices of pizza
 E - 7 chunks of flesh
 I - 10 fruits


   Skills:
 + Level 8.9 Fighting
 + Level 7.5 Maces & Flails
 - Level 5.0 Armour
 + Level 7.0 Dodging
 - Level 2.1 Stealth
 - Level 4.0 Shields
 * Level 11.1 Spellcasting
 + Level 9.2 Conjurations
 - Level 0.7 Transmutations
 * Level 5.9 Fire Magic
 + Level 10.9 Earth Magic
 + Level 6.5 Evocations


You had 19 spell levels left.
You knew the following spells:

 Your Spells              Type           Power        Failure   Level  Hunger
a - Stone Arrow           Conj/Erth      ######       1%          3    None
b - Sandblast             Erth           ######       1%          1    None
c - Passwall              Tmut/Erth      #####.....   1%          2    None
d - Lee's Rapid Deconstr  Erth           ######....   1%          5    ####...
e - Fireball              Conj/Fire      #####.....   2%          5    ####...


Dungeon Overview and Level Annotations

Branches:
Dungeon (11/15)            Temple (1/1) D:4            Lair (7/8) D:11
  Swamp (0/4) Lair:3       Spider (0/4) Lair:5          Orc (0/2) D:9
  Slime: Lair:6-8

Altars:
Ashenzari
Cheibriados
Elyvilon
Fedhas
Gozag
Kikubaaqudgha
Makhleb
Nemelex Xobeh
Okawaru
Pakellas
Qazlal
Ru
Uskayaw
Vehumet
Xom
Zin
The Shining One

Annotations:
D:5 Skanax's ghost, amateur DsNe


Innate Abilities, Weirdness & Mutations

You are resistant to torment.
Your stone body is resilient (AC +9).
You are immune to poison.
Your large and strong wings let you fly indefinitely.
You resist negative energy. (rN+)
You are resistant to electric shocks. (rElec)
You can survive without breathing.
You are immune to petrification.
You are immune to rotting.
You have a pair of small antennae on your head.
Your flesh is cold resistant. (rC+)


Message History

You block the four-headed hydra's attack.
The four-headed hydra bites you!
* * * LOW HITPOINT WARNING * * *
The four-headed hydra bites you but does no damage.
The four-headed hydra bites you.
* * * LOW HITPOINT WARNING * * *
Casting: Stone Arrow
Confirm with . or Enter, or press ? or * to list all spells.
Which direction?
That's not a passable wall.
As you read the scroll of teleportation, it crumbles to dust.
You feel strangely unstable.
You feel yourself speed up.
The four-headed hydra bites you but does no damage.
The four-headed hydra bites you!
* * * LOW HITPOINT WARNING * * *
The four-headed hydra bites you!
* * * LOW HITPOINT WARNING * * *
The four-headed hydra bites you!
You die...

.P....#.........
.......................
#............?......#.#..
#.........>.....##......#
#.................#...#..
#...............#.......#
#.......wY......#.#.♣.#..
#P.#.####DY##...........#
#...#.#.9###...P#.[.....#
#...#.####......#.......
##........##.....###'###.
#..........##.#..#.....#.
#..P#......#.♣.##..#.....
#..P...##.#..............
#.#...#.##.#♣.<......♣....
#.........#♣.....#........
##P........##.♣..#.##.##.#


You could see a four-headed hydra and 2 sheep.

Vanquished Creatures
  Kirke (Lair:7)
  Snorg (Lair:6)
  Josephine (Lair:5)
  Fannar (D:11)
  Harold (Lair:3)
  4 hydras
  A catoblepas (Lair:6)
  The ghost of herpmino the Cleaver, a journeyman DsGl of Okawaru (Lair:6)
  2 hill giants (D:11)
  A manticore (D:10)
  A griffon (D:9)
  9 elephants
  A black mamba (Lair:3)
  5 spiny frogs
  5 komodo dragons
  6 rime drakes (Lair:4)
  A demonic crawler (Lair:4)
  A troll (D:9)
  A two-headed ogre (D:10)
  8 blink frogs
  A spriggan (D:7)
  5 wraiths (Lair:5)
  4 hippogriffs
  52 yaks
  A basilisk (Lair:5)
  3 hogs (Lair:7)
  6 swamp worms
  4 water moccasins
  2 hell hounds (D:11)
  12 porcupines
  A swamp drake (D:9)
  2 wasps (D:11)
  2 necrophages
  2 ice beasts
  3 sky beasts
  2 black bears
  A phantom (D:7)
  5 orc warriors
  7 ogres
  4 wolves (Lair:5)
  5 centaurs
  17 crocodiles
  3 big kobolds (D:8)
  15 giant frogs
  A wyvern zombie (D:9)
  A gnoll sergeant (D:7)
  A wyvern skeleton (D:7)
  7 scorpions
  6 killer bees (D:10)
  The ghost of Skanax the Skirmisher, a weakling DsAK of Lugonu (D:3)
  13 wights
  A vampire bat (Lair:2)
  4 howler monkeys
  7 electric eels
  7 crimson imps
  2 giant frog zombies (D:10)
  2 quasits
  5 jellies
  2 centaur zombies
  7 orc priests
  A giant frog skeleton (D:10)
  2 centaur skeletons
  8 hounds
  10 iguanas
  12 orc wizards
  10 worker ants
  22 sheep
  A hound zombie (D:7)
  A hound skeleton (D:4)
  2 worker ant zombies
  4 adders
  8 gnolls
  39 river rats
  A shadow imp (D:6)
  2 oozes
  An adder zombie (D:5)
  4 adder skeletons
  3 worms
  3 dart slugs
  2 giant geckos (D:9)
  43 orcs
  2 ball pythons
  18 bats
  6 giant cockroaches
  9 goblins
  9 hobgoblins
  6 jackals
  6 quokkas
  4 giant newts
  19 kobolds
  3 rats
  3 fungi
542 creatures vanquished.

Vanquished Creatures (others)
  A quokka (D:4)
  16 fungi
  2 plants
19 creatures vanquished.

Grand Total: 561 creatures vanquished

Notes
Turn   | Place    | Note
--------------------------------------------------------------
     0 | D:1      | tyrsky the Gargoyle Earth Elementalist began the quest for the Orb.
     0 | D:1      | Reached XP level 1. HP: 10/10 MP: 3/3
   281 | D:1      | Reached XP level 2. HP: 14/15 MP: 1/5
   808 | D:1      | Reached XP level 3. HP: 15/19 MP: 2/7
  1215 | D:2      | Found a stormy altar of Qazlal.
  1229 | D:2      | Reached skill level 3 in Spellcasting
  1269 | D:2      | Learned a level 3 spell: Stone Arrow
  1745 | D:2      | Reached XP level 4. HP: 24/24 MP: 0/8
  2043 | D:3      | Noticed Skanax's ghost (weakling DsAK)
  2247 | D:3      | Killed Skanax's ghost
  2247 | D:3      | Reached skill level 5 in Earth Magic
  2247 | D:3      | Reached XP level 5. HP: 18/28 MP: 0/10
  2253 | D:3      | Reached skill level 4 in Spellcasting
  2453 | D:3      | Found an ancient bone altar of Kikubaaqudgha.
  2530 | D:3      | Found a glowing silver altar of Zin.
  3274 | D:4      | Found a white marble altar of Elyvilon.
  3377 | D:4      | Reached XP level 6. HP: 20/32 MP: 0/13
  3696 | D:4      | Found a staircase to the Ecumenical Temple.
  3702 | D:4      | Reached skill level 5 in Spellcasting
  3710 | Temple   | Entered the Ecumenical Temple
  3746 | Temple   | Became a worshipper of Vehumet
  4006 | D:4      | Found a blossoming altar of Fedhas.
  4098 | D:5      | Entered Level 5 of the Dungeon
  4098 | D:5      | Found a sparkling altar of Nemelex Xobeh.
  4104 | D:5      | Found a shattered altar of Ashenzari.
  4157 | D:5      | Noticed Skanax's ghost (amateur DsNe)
  4261 | D:5      | Reached XP level 7. HP: 31/37 MP: 4/15
  4350 | D:5      | Reached skill level 1 in Fighting
  4393 | D:5      | Reached skill level 1 in Armour
  4449 | D:5      | Reached skill level 1 in Maces & Flails
  4904 | D:5      | Reached XP level 8. HP: 44/44 MP: 11/16
  5142 | D:5      | Found a burning altar of Makhleb.
  5439 | D:6      | Reached skill level 6 in Spellcasting
  5566 | D:6      | Reached * piety under Vehumet
  5566 | D:6      | Offered knowledge of Freeze by Vehumet.
  5591 | D:6      | Reached skill level 1 in Conjurations
  6213 | D:6      | Reached skill level 1 in Evocations
  6580 | D:6      | Reached XP level 9. HP: 51/51 MP: 5/18
  7194 | D:7      | Found an opulent altar of Gozag.
  7309 | D:7      | Learned a level 2 spell: Passwall
  7315 | D:7      | Learned a level 5 spell: Lee's Rapid Deconstruction
  7465 | D:7      | Found a sacrificial altar of Ru.
  7488 | D:7      | Reached ** piety under Vehumet
  7846 | D:7      | Offered knowledge of Flame Tongue by Vehumet.
  7846 | D:7      | Reached skill level 1 in Shields
  8416 | D:7      | Reached skill level 7 in Spellcasting
  9062 | D:8      | Gained mutation: You have a pair of small antennae on your head. [potion of beneficial mutation]
  9063 | D:8      | Gained mutation: Your flesh is cold resistant. (rC+) [potion of beneficial mutation]
  9072 | D:8      | Found an iron altar of Okawaru.
  9238 | D:8      | Reached XP level 10. HP: 57/57 MP: 16/20
  9390 | D:8      | Offered knowledge of Dazzling Spray by Vehumet.
  9634 | D:8      | Reached *** piety under Vehumet
  9634 | D:8      | Reached skill level 5 in Conjurations
 10143 | D:9      | Found a snail-covered altar of Cheibriados.
 10503 | D:9      | Offered knowledge of Airstrike by Vehumet.
 10834 | D:9      | Reached skill level 5 in Fighting
 11063 | D:9      | Found a staircase to the Orcish Mines.
 11247 | D:9      | Noticed a griffon
 11252 | D:9      | Killed a griffon
 11252 | D:9      | Reached skill level 5 in Armour
 11301 | D:9      | Found a hide-covered altar of Uskayaw.
 11362 | D:10     | Entered Level 10 of the Dungeon
 11405 | D:10     | Reached **** piety under Vehumet
 11876 | D:10     | Reached skill level 8 in Spellcasting
 11876 | D:10     | Reached XP level 11. HP: 58/64 MP: 7/23
 12042 | D:10     | Offered knowledge of Inner Flame by Vehumet.
 12102 | D:10     | Noticed a manticore
 12116 | D:10     | Killed a manticore
 13277 | D:10     | Reached ***** piety under Vehumet
 13523 | D:11     | Found a staircase to the Lair.
 13678 | D:11     | Offered knowledge of Bolt of Cold by Vehumet.
 13736 | D:11     | Noticed a hill giant
 13742 | D:11     | Killed a hill giant
 13742 | D:11     | Reached skill level 5 in Maces & Flails
 13880 | D:11     | Noticed Fannar
 13895 | D:11     | Killed Fannar
 14224 | D:11     | Noticed a hill giant
 14244 | D:11     | Killed a hill giant
 14421 | Lair:1   | Entered Level 1 of the Lair of Beasts
 15137 | Lair:1   | Reached skill level 5 in Dodging
 15150 | Lair:1   | Noticed a four-headed hydra
 15160 | Lair:1   | Killed a four-headed hydra
 15160 | Lair:1   | Reached skill level 9 in Spellcasting
 15373 | Lair:1   | Reached XP level 12. HP: 44/71 MP: 4/25
 15789 | Lair:2   | Got a crude silver ring
 15791 | Lair:2   | Identified the ring of Megalomania {rF+++ MP+9} (You found it on level 2 of the Lair of Beasts)
 16202 | Lair:2   | Reached skill level 5 in Evocations
 16767 | Lair:2   | Noticed a six-headed hydra
 16774 | Lair:2   | Killed a six-headed hydra
 17236 | Lair:2   | Offered knowledge of Spellforged Servitor by Vehumet.
 17312 | Lair:2   | Learned a level 5 spell: Fireball
 17625 | Lair:3   | Reached skill level 1 in Fire Magic
 17819 | Lair:3   | Noticed a seven-headed hydra
 17830 | Lair:3   | Killed a seven-headed hydra
 17904 | Lair:3   | Reached skill level 10 in Spellcasting
 18284 | Lair:3   | Found a staircase to the Swamp.
 18342 | Lair:3   | Noticed a four-headed hydra
 18347 | Lair:3   | Killed a four-headed hydra
 18347 | Lair:3   | Reached XP level 13. HP: 77/77 MP: 27/27
 18394 | Lair:2   | Reached skill level 10 in Earth Magic
 18851 | Lair:3   | Noticed Harold
 18998 | Lair:3   | Killed Harold
 20317 | Lair:5   | Noticed Josephine
 20518 | Lair:5   | Found a hole to the Spider Nest.
 20573 | Lair:5   | Offered knowledge of Freezing Cloud by Vehumet.
 20763 | Lair:5   | Killed Josephine
 21639 | Lair:6   | Noticed Snorg
 21666 | Lair:6   | Killed Snorg
 21840 | Lair:6   | Got a smoking buckler
 21851 | Lair:6   | Identified the +1 buckler "Dol Qoeh" {MP+9 Dex+2} (You found it on level 6 of the Lair of Beasts)
 21893 | Lair:6   | Reached skill level 5 in Fire Magic
 21905 | Lair:6   | Noticed herpmino's ghost (journeyman DsGl)
 22080 | Lair:6   | Killed herpmino's ghost
 22563 | Lair:7   | Gained mutation: Your large and strong wings let you fly indefinitely. [Gargoyle growth]
 22563 | Lair:7   | Reached XP level 14. HP: 84/84 MP: 28/28
 22565 | Lair:7   | Reached skill level 11 in Spellcasting
 22880 | Lair:7   | Noticed Kirke
 22894 | Lair:7   | Killed Kirke
 23100 | Lair:7   | Identified a scroll of acquirement
 23101 | Lair:7   | Got a smoking eveningstar
 23102 | Lair:7   | Identified the +8 eveningstar of Severance {antimagic, rC+ Int+2} (You acquired it on level 7 of the Lair of Beasts)
 23184 | Lair:7   | Slain by a four-headed hydra

Vault maps used:
D:1:      dpeg_arrival_boxorama
D:2:      lemuel_doored_altar, serial_glass, glass_columns_b, glass_columns_b
D:3:      nicolae_overflow_hidden_temple, kiku_gazebo_garden_becter, first_bread
D:4:      marbit_many_paths, elyvilon_altar_4, minmay_temple_entry_junction
D:5:      kennysheep_mini, nemelex_deck, basic_altar, serial_park_tiny_2,
          minmay_misc_feat_doors
D:6:      serial_glass, glass_columns_a, glass_columns_a, feat_on_display,
          item_on_display_a, feat_on_display, hangedman_abyss_or_decor_stabs,
          minmay_misc_feat_five
D:7:      nicolae_ru_great_annihilating_truth, the_bakery,
          nicolae_gozag_seed_capital
D:8:      okawaru_gym_becter, special_room
D:9:      nicolae_overflow_crystal_walls, lemuel_round_altar, erik_orc_1
D:11:     minmay_lair_entry_lava, grunt_ministairs_15, serial_park_tiny_pond,
          uniq_fannar
Temple:   roderic_octagonal_lattice_temple
Lair:1:   grunt_megastairs_3
Lair:2:   roderic_batcave, beast_lair_carwin_5, infiniplex_staircase_pool,
          grunt_megastairs_4
Lair:3:   nicolae_swamp_entry_splash_gauntlet, serial_bayou_lagoon_b,
          uniq_harold
Lair:4:   minmay_lair_drake_nest
Lair:5:   nicolae_spider_entry_non_spiders, serial_bayou_shore_a, uniq_josephine
Lair:6:   uniq_snorg
Lair:7:   grunt_megastairs_1, infiniplex_staircase_pool_2, serial_bayou_shore_b,
          uniq_kirke

Skill      XL: |  1  2  3  4  5  6  7  8  9 10 11 12 13 14 |
---------------+-------------------------------------------+-----
Earth Magic    | 4 5 6 7 8 9 10 | 10.9
Spellcasting   | 3 4 5 6 7 8 9 10 11 | 11.1
Fighting       | 2 3 4 5 6 7 8 |  8.9
Armour         | 2 3 4 5 |  5.0
Dodging        | 2 3 4 5 6 7 |  7.0
Maces & Flails | 1 2 3 4 5 6 7 |  7.5
Conjurations   | 2 4 6 7 8 9 |  9.2
Evocations     | 1 2 3 4 5 6 |  6.5
Shields        | 1 3 4 |  4.0
Fire Magic     | 2 5 |  5.9
Stealth        | |  2.1
Transmutations | |  0.7

Action                   |  1- 3 |  4- 6 |  7- 9 | 10-12 | 13-15 || total
-------------------------+-------+-------+-------+-------+-------++-------
Melee: Club              |    25 |    44 |    45 |   106 |    20 ||   240
       Eveningstar       |       |       |       |       |     3 ||     3
Throw: Stone             |    91 |    43 |    64 |   127 |    12 ||   337
 Cast: Sandblast         |    69 |   112 |   102 |    39 |       ||   322
       Stone Arrow       |       |    16 |   146 |   529 |   260 ||   951
       Lee's Rapid Decon |       |       |       |    12 |    44 ||    56
       Passwall          |       |       |       |     1 |       ||     1
       Fireball          |       |       |       |     7 |    16 ||    23
 Abil: Fly               |       |       |       |       |     1 ||     1
Evoke: Wand              |       |       |     1 |       |     5 ||     6
  Use: Scroll            |       |    12 |    15 |     2 |     6 ||    35
       Potion            |       |       |     2 |       |     1 ||     3
  Eat: Meat ration       |     1 |       |       |       |       ||     1
       Chunk             |       |     6 |    15 |    31 |    19 ||    71
       Bread ration      |       |       |     1 |       |     1 ||     2
       Royal jelly       |       |       |       |       |     1 ||     1
Armor: Robe              |    15 |     6 |    50 |   115 |    66 ||   252
       Leather armour    |     1 |    49 |       |       |       ||    50
Dodge: Dodged            |    37 |    64 |   100 |   241 |   100 ||   542
Block: Buckler           |       |       |     9 |    90 |    52 ||   151
